rr, chaotic female human Rogue --- ----..-- --------- ----.|....| --.).....| -- --.|.......| |.%.---- - --.. |.........- ---.--- |......@.......| |...| --.. ---'.....-----[--- | --.f....| |...| |....).----.--- --))))....)..| |...-.------..-- ---.|.(.| -*..| |...|.--- ..|..- |...| |...|.... |.--- -.. .--... .. ... . .... -- -. . .... -. .. ..... . .. ....| -- -.| --.-- --- -- rr the Rogue Experience level: 6 Strength: 13 Dexterity: 18 Constitution: 17 Intelligence: 9 Wisdom: 11 Charisma: 9 Health: 0(55) Energy: 24(24) Def: 6 Gold: 103 Moves: 4342 Dungeon seed: cN-mTdB2OVxtehDR Game ID: rr_1528556780 Your Inventory: Coins $ - 103 gold pieces Amulets h - an uncursed amulet of ESP Weapons a - a +1 short sword (weapon in hand) b - 12 +0 daggers (in quiver) s - 24 +0 daggers M - a +0 morning star O - 5 blessed +1 daggers Armor v - an uncursed +0 pair of iron shoes K - an uncursed +0 dwarvish mithril-coat (being worn) N - an uncursed +0 dwarvish iron helm Y - an uncursed +0 pair of iron shoes Comestibles I - 2 uncursed food rations Scrolls D - a blessed scroll of enchant weapon Potions c - an uncursed potion of sickness Rings o - an uncursed ring of fire resistance C - a cursed ring of polymorph Wands r - a wand of magic missile (0:3) B - a wand of polymorph (0:4) Tools d - an uncursed lock pick f - an uncursed sack t - 8 uncursed tallow candles (0:200) w - 2 blessed partly used tallow candles (0:149) A - an uncursed skeleton key G - an uncursed magic whistle L - a cursed magic lamp P - 4 uncursed wax candles (0:400) Gems n - 4 uncursed opals q - an uncursed worthless piece of orange glass y - an uncursed worthless piece of black glass z - 2 uncursed worthless pieces of blue glass H - an uncursed jasper stone Spells and supernatural/magical abilities: Name Level Category Fail Memory W - pray for help -- divine ? -- Your skills at the end: Fighting Skills Weapon Skills dagger [Basic] short sword [Basic] Spellcasting Skills Final Attributes: You were piously aligned. You were poison resistant. You were stealthy. You are dead. Vanquished creatures: 2 gnome kings a gnome mummy 4 human zombies a rock piercer a violet fungus 3 gnome lords a gnomish wizard a kobold mummy a black naga hatchling a kitten 8 dwarves 2 wererats a werejackal an iguana an acid blob a coyote 4 hobbits a large kobold 2 hobgoblins 2 giant rats 4 cave spiders a green mold 25 gnomes 4 geckos 8 jackals a fox 3 kobolds a sewer rat 3 grid bugs 2 bats 8 lichens 3 newts 102 creatures vanquished. Voluntary challenges: You were an atheist. You used a wielded weapon 87 times, starting on turn 85. You read items or engraved 2 times, starting on turn 333. You never genocided any monsters. You never polymorphed an object. You never changed form. You used no wishes. You never split a pudding. You never wrote Elbereth's name. You never violated your personal moral code. Dungeon overview: The Dungeons of Doom: levels 1 to 5 Level 1 a fountain a long staircase Level 2 a potion shop, a fountain Level 3 a fountain stairs to The Gnomish Mines Level 4 Level 5 a fountain The Gnomish Mines: levels 4 to 6 Level 4 stairs to The Dungeons of Doom Level 5 Level 6 <- You were here History has recorded: On T:1 you entered the Dungeons of Doom to retrieve the Amulet of Yendor! On T:262 you reached level 2 of The Dungeons of Doom. On T:313 you advanced to experience level 2. On T:435 you reached level 3 of The Dungeons of Doom. On T:633 you reached level 4 of The Dungeons of Doom. On T:870 you advanced to experience level 3. On T:1234 you reached level 1 of The Gnomish Mines. On T:1252 you advanced to experience level 4. On T:1376 you advanced to experience level 5. On T:1820 you reached level 5 of The Dungeons of Doom. On T:2586 you advanced to experience level 6. On T:2875 you reached level 2 of The Gnomish Mines. On T:4171 you reached level 3 of The Gnomish Mines. Score breakdown: Gold: 103 ( 6861 points) Experience: 6 levels (12456 points) Exploration: 6 levels ( 12.24%) ( 9682 points) Discoveries: 5 items ( 1.68%) ( 3885 points) Valuables value: (no points given unless you survive) Artifact value: 0 ( 0 points) Variety of kills: 32 monsters ( 8.40%) ( 8694 points) Turncount: 4342 turns (-1146 points) Survival: died (score multiplied by 80%) Total score: 32345 Latest messages: You hit the gold golem. You miss the gold golem. The gold golem hits! (3x) The gold golem just misses! You hit the gold golem. The gold golem hits! (2x) The housecat bites the gold golem. The gold golem misses the housecat. (2x) You hit the gold golem! The housecat bites the gold golem. You hit the gold golem! The gold golem hits! (2x) The housecat drops 10 crossbow bolts. The housecat misses the gold golem. (2x) The gold golem hits! (2x) The housecat misses the gold golem. You hit the gold golem! The gold golem hits! (2x) The housecat bites the gold golem. The gold golem misses the housecat. (2x) You hit the gold golem. The housecat bites the gold golem. The housecat misses the gold golem. You miss the gold golem. The gold golem hits! You die... Final status: Goodbye rr the Rogue, killed by a gold golem... You died in The Gnomish Mines on dungeon level 6 with 32345 points, and 103 pieces of gold, after 4342 moves. You were level 6 with a maximum of 55 hit points when you died.